 Dungeon Sprint DCSS version 0.17-a0-1210-g1e4f09d (webtiles) character file.

28695 Kidiri the Imperceptible (level 13, -28/72 HPs)
             Began as a Spriggan Assassin on June 4, 2015.
             Was a High Priest of Dithmenos.
             Killed by an exploding ball lightning (33 damage)
             ... created by Lom Lobon
             ... in the Dungeon (Sprint I: "Red Sonja").
             The game lasted 00:58:57 (8191 turns).

Kidiri the Imperceptible (Spriggan Assassin)        Turns: 8191, Time: 00:58:58

Health: -28/72     AC:  5    Str:  4    XL:     13   Next: 11%
Magic:  20/20      EV: 44    Int: 19    God:    Dithmenos [*****.]
Gold:   3128       SH:  0    Dex: 33    Spells: 0 memorised, 12 levels left

rFire  + . .     SeeInvis +     h - +4 short sword (venom)
rCold  + + +     Clarity  .     r - +2 robe {rC+ rF+}
rNeg   + + .     SustAt   .     (shield restricted)
rPois  +         Gourm    .     (helmet restricted)
rElec  .         Spirit   .     g - +0 cloak of Cheibriados's Fury {+Blink rN+ Dex+6}
rCorr  .         Warding  .     (gloves unavailable)
rMut   +         NoTele   +     (boots unavailable)
MR     ++...                    C - amulet "Nouvuup" {rMut rPois rC++ Str-3 Int+3}
Stlth  ++++++++++               u - ring "Vattawur" {rN+ Int+3 Stlth+}
                                z - +5 ring of dexterity

@: wreathed by umbra, very quick, very resistant to hostile enchantments,
uncannily stealthy
A: unfitting armour, see invisible, herbivore 3, speed 3, low mp 1, slow
metabolism 2
a: Shadow Step, Shadow Form, Renounce Religion, Evoke Blink


You were in the Dungeon.
You worshipped Dithmenos.
Dithmenos was extremely pleased with you.
You were not hungry.

You visited 1 branch You collected 6360 gold pieces.
You spent 3232 gold pieces at shops.

Inventory:

Hand weapons
 a - a +2 dagger
 b - the +4 blowgun "Jeacohaf" {evade, Int+3}
   (You bought it in a shop in the Dungeon)

   It affects your evasion (+5 to EV).
   It affects your intelligence (+3).
 h - a +4 short sword of venom (weapon)
 o - a +0 dagger of draining
 t - a +2 rapier of venom
Missiles
 e - 7 poisoned needles
 f - 3 curare-tipped needles
 p - 2 throwing nets (quivered)
 s - 6 needles of slowing
Armour
 d - a +2 cloak
 g - the +0 cloak of Cheibriados's Fury (worn) {+Blink rN+ Dex+6}
   (You found it in the Dungeon)

   It affects your dexterity (+6).
   It protects you from negative energy.
   It lets you blink.
 r - a +2 robe of resistance (worn)
 D - a +0 cloak of magic resistance
Jewellery
 j - a +4 ring of dexterity
 l - an uncursed amulet of clarity
 u - the ring "Vattawur" (right hand) {rN+ Int+3 Stlth+}
   (You bought it in a shop in the Dungeon)

   [ring of intelligence]

   It affects your intelligence (+3).
   It protects you from negative energy.
   It makes you more stealthy.
 z - a +5 ring of dexterity (left hand)
 A - an uncursed ring of fire
 B - an uncursed ring of protection from fire
 C - the amulet "Nouvuup" (around neck) {rMut rPois rC++ Str-3 Int+3}
   (You bought it in a shop in the Dungeon)

   [amulet of resist mutation]

   It protects you from mutation.
   It affects your strength (-3).
   It affects your intelligence (+3).
   It greatly protects you from cold.
   It protects you from poison.
Magical devices
 i - a wand of magic darts (25)
 m - a wand of digging (15)
Scrolls
 c - a scroll of random uselessness
 q - a scroll of fear {unknown}
 w - a scroll of immolation {unknown}
 y - a scroll of enchant weapon {unknown}
Potions
 k - 2 potions of magic
 n - 2 potions of ambrosia
 v - 2 potions of heal wounds


   Skills:
 + Level 10.3 Fighting
 * Level 17.5 Short Blades
 + Level 13.1 Throwing
 * Level 21.6 Dodging
 * Level 23.5 Stealth
 + Level 11.3 Invocations


You had 12 spell levels left.
You didn't know any spells.

Dungeon Overview and Level Annotations

Branches:
Dungeon (1/1)

Altars:
Cheibriados
Dithmenos
Elyvilon
Fedhas
Gozag
Kikubaaqudgha
Makhleb
Nemelex Xobeh
Okawaru
Qazlal
Ru
Sif Muna
Trog
Vehumet
Xom
Yredelemnul
Zin
The Shining One
Jiyva

Shops:
D !(=[:[([(*[=}:*[?[=[[

Annotations:
D exclusion: oklob plant, Lom Lobon, Norris, Tiamat


Innate Abilities, Weirdness & Mutations

You are tiny and cannot use many weapons and most armour.
You have supernaturally acute eyesight.
You are a herbivore.
You cover ground extremely quickly.
You need consume almost no food.
Your magical capacity is low (-10% MP).


Message History

Lom Lobon is lightly wounded.
The ball lightning explodes!
The blast of lightning engulfs the ball lightning.
The ball lightning completely resists.
The blast of lightning engulfs you!
The blast of lightning engulfs Lom Lobon.
Lom Lobon completely resists.
The blast of lightning engulfs the ball lightning.
The ball lightning completely resists.
The ball lightning explodes!
The blast of lightning engulfs the ball lightning.
The ball lightning completely resists.
The blast of lightning engulfs you!
Ouch! That really hurt!
* * * LOW HITPOINT WARNING * * *
You emit a cloud of dark smoke.
The blast of lightning engulfs Lom Lobon.
Lom Lobon completely resists.
The ball lightning explodes!
The blast of lightning engulfs Lom Lobon.
Lom Lobon completely resists.
The blast of lightning engulfs you!
You die...

#..(#####...####.#≈≈≈≈##)%((§§##§
#.)...)...###.§§.#≈≈≈≈≈########§.
......#####..§§####≈≈≈≈#≈≈≈≈≈#§..
...).##..§§..§§#..#'≈≈≈'≈≈.≈§'§..
.)..##,.§§§§.§§#...##≈≈#≈≈≈≈≈#§§≈
....#,,§.§§§§..#....######'#####≈
#####**##§§§§§^#....#≈≈≈≈≈≈≈≈≈≈##
≈≈≈≈d≈≈.#§§.§§§####.##≈≈≈≈≈≈≈≈≈≈≈
#########§§§§^§*@§#).'..)≈≈≈≈≈≈≈#
.0..+,,..§§§§§.#&§§})#........≈≈≈
#####**##########################


You could see Lom Lobon and a ball lightning (wandering).

Vanquished Creatures
  the Lernaean hydra (D)
  A deep elf master archer (D)
  4 fire giants (D)
  A lorocyproca (D)
  A deep elf annihilator (D)
  A hydra (D)
  2 centaur warriors (D)
  Sonja (D)
  A deep troll (D)
  7 unseen horrors (D)
  A lindwurm (D)
  An oklob plant (D)
  8 shining eyes (D)
  A siren (D)
  2 kobold demonologists (D)
  A gargoyle (D)
  A demonic crawler (D)
  A slime creature (D)
  4 trapdoor spiders (D)
  Sigmund (D)
  13 hogs (D)
  A yak (D)
  7 necrophages (D)
  An ogre (D)
  3 wasps (D)
  8 jellies (D)
  Ijyb (D)
  7 giant eyeballs (D)
  A giant spore (D)
  3 ballistomycetes (D)
86 creatures vanquished.

Vanquished Creatures (others)
  2 ball lightnings (D)
  A siren (D)
  A gargoyle (D)
  A hellwing (D)
  2 wasps (D)
  A giant spore (D)
8 creatures vanquished.

Grand Total: 94 creatures vanquished

Notes
Turn   | Place    | Note
--------------------------------------------------------------
     0 | D        | Kidiri the Spriggan Assassin began the quest for the Orb.
     0 | D        | Reached XP level 1. HP: 10/10 MP: 2/2
     3 | D        | Noticed Ijyb
    16 | D        | Killed Ijyb
    16 | D        | Reached skill level 7 in Stealth
    16 | D        | Reached XP level 2. HP: 10/15 MP: 3/3
   121 | D        | Noticed an ogre
   124 | D        | Killed an ogre
   124 | D        | Reached skill level 9 in Stealth
   124 | D        | Reached XP level 3. HP: 18/20 MP: 4/4
   124 | D        | Reached XP level 4. HP: 21/24 MP: 5/5
   167 | D        | Noticed Sigmund
   170 | D        | Killed Sigmund
   170 | D        | Reached skill level 5 in Throwing
   170 | D        | Reached skill level 11 in Stealth
   170 | D        | Reached XP level 5. HP: 27/29 MP: 6/6
   196 | D        | Found a snail-covered altar of Cheibriados.
   196 | D        | Found a viscous altar of Jiyva.
   196 | D        | Found a shadowy altar of Dithmenos.
   196 | D        | Found a blossoming altar of Fedhas.
   196 | D        | Noticed a slime creature
   222 | D        | HP: 1/29 [slime creature (11)]
   598 | D        | Killed a gargoyle
   654 | D        | Became a worshipper of Dithmenos the Shadowed
   675 | D        | Found a deep blue altar of Sif Muna.
   676 | D        | Noticed a jelly
   677 | D        | Found a radiant altar of Vehumet.
   681 | D        | Killed a jelly
   681 | D        | Reached XP level 6. HP: 33/33 MP: 7/7
   721 | D        | Found Gutok's Antique Armour Emporium.
   721 | D        | Found a white marble altar of Elyvilon.
   721 | D        | Found a stormy altar of Qazlal.
   721 | D        | Found a burning altar of Makhleb.
   721 | D        | Found a sacrificial altar of Ru.
   721 | D        | Found a basalt altar of Yredelemnul.
   721 | D        | Found a glowing golden altar of the Shining One.
   721 | D        | Found a sparkling altar of Nemelex Xobeh.
   721 | D        | Found a shimmering altar of Xom.
   721 | D        | Found an opulent altar of Gozag.
   721 | D        | Found an ancient bone altar of Kikubaaqudgha.
   721 | D        | Found a glowing silver altar of Zin.
   721 | D        | Noticed a yak
   722 | D        | Found an iron altar of Okawaru.
   748 | D        | Killed a yak
   748 | D        | Reached skill level 10 in Dodging
   748 | D        | Reached skill level 12 in Stealth
   749 | D        | Found a bloodstained altar of Trog.
   927 | D        | Noticed Sonja
   931 | D        | Killed Sonja
   931 | D        | Reached skill level 5 in Fighting
   931 | D        | Reached skill level 13 in Stealth
   931 | D        | Reached XP level 7. HP: 37/39 MP: 8/10
   931 | D        | Reached XP level 8. HP: 40/43 MP: 8/11
   950 | D        | Found Suvimamo's Distillery.
   958 | D        | Bought a potion of curing for 39 gold pieces
   958 | D        | Bought a potion of curing for 39 gold pieces
   970 | D        | Noticed a deep troll
   974 | D        | Killed a deep troll
   974 | D        | Reached skill level 10 in Short Blades
   974 | D        | Reached skill level 14 in Stealth
   985 | D        | Found Eseprargho's Armour Emporium.
   993 | D        | Bought a +2 robe of resistance for 490 gold pieces
  1025 | D        | Noticed a centaur warrior
  1026 | D        | Noticed a centaur warrior
  1062 | D        | Killed a centaur warrior
  1062 | D        | Reached skill level 15 in Stealth
  1062 | D        | Reached skill level 5 in Invocations
  1062 | D        | Reached XP level 9. HP: 8/48 MP: 12/14
  1075 | D        | Killed a centaur warrior
  1075 | D        | Acquired Dithmenos's first power
  1075 | D        | Reached skill level 16 in Stealth
  1209 | D        | Noticed a wasp
  1212 | D        | Killed a wasp
  1226 | D        | Noticed an oklob plant
  1228 | D        | Killed an oklob plant
  1370 | D        | Noticed a trapdoor spider
  1375 | D        | Noticed a trapdoor spider
  1382 | D        | Noticed a trapdoor spider
  1410 | D        | Killed a trapdoor spider
  1593 | D        | Noticed a trapdoor spider
  1608 | D        | Killed a trapdoor spider
  1608 | D        | Reached skill level 15 in Dodging
  1618 | D        | Killed a trapdoor spider
  1618 | D        | Reached skill level 17 in Stealth
  1772 | D        | Killed a trapdoor spider
  1772 | D        | Acquired Dithmenos's second power
  1772 | D        | Reached XP level 10. HP: 22/53 MP: 14/16
  1997 | D        | Noticed an unseen horror
  1997 | D        | Noticed an unseen horror
  2047 | D        | Killed an unseen horror
  2066 | D        | Killed an unseen horror
  2150 | D        | Noticed a jelly
  2150 | D        | Noticed a jelly
  2150 | D        | Noticed a jelly
  2150 | D        | Noticed a jelly
  2150 | D        | Noticed a jelly
  2150 | D        | Noticed a jelly
  2150 | D        | Noticed a jelly
  2155 | D        | Killed a jelly
  2156 | D        | Killed a jelly
  2156 | D        | Acquired Dithmenos's third power
  2157 | D        | Killed a jelly
  2158 | D        | Noticed a necrophage
  2158 | D        | Noticed a necrophage
  2159 | D        | Killed a jelly
  2180 | D        | Killed a jelly
  2185 | D        | Killed a jelly
  2188 | D        | Killed a jelly
  2214 | D        | Acquired Dithmenos's fourth power
  2419 | D        | Noticed a necrophage
  2419 | D        | Noticed a necrophage
  2419 | D        | Noticed a necrophage
  2419 | D        | Noticed a necrophage
  2419 | D        | Noticed a necrophage
  2424 | D        | Killed a necrophage
  2426 | D        | Killed a necrophage
  2427 | D        | Killed a necrophage
  2427 | D        | Reached skill level 18 in Stealth
  2429 | D        | Killed a necrophage
  2430 | D        | Killed a necrophage
  2446 | D        | Killed a necrophage
  2463 | D        | Killed a necrophage
  2482 | D        | Found Gawomim's Antique Armour Shoppe.
  2482 | D        | Found Wuiseag's Antique Weapon Shop.
  2482 | D        | Found Wovyekh's Weapon Boutique.
  2484 | D        | Found Owoygh's General Store.
  2484 | D        | Found Ipawineh's Armour Shop.
  2484 | D        | Found Ropnargholuo's Jewellery Shoppe.
  2484 | D        | Found Geacloc's Gadget Boutique.
  2484 | D        | Found Doqa's Book Emporium.
  2484 | D        | Found Ujajeac's Assorted Antiques.
  2484 | D        | Found Xuph's Armour Shoppe.
  2488 | D        | Found Toihuep's Magic Scroll Boutique.
  2490 | D        | Bought 6 needles of slowing for 26 gold pieces
  2491 | D        | Bought a scroll of enchant armour for 82 gold pieces
  2491 | D        | Found Periaz's Jewellery Emporium.
  2491 | D        | Found Onitulaw's Antique Armour Boutique.
  2492 | D        | Found Icydo Imin's Armour Emporium.
  2496 | D        | Bought an ancient blowgun for 195 gold pieces
  2496 | D        | Identified the +4 blowgun "Jeacohaf" {evade, Int+3} (You bought it in a shop in the Dungeon)
  2499 | D        | Bought a scroll of enchant armour for 75 gold pieces
  2499 | D        | Bought a scroll of identify for 20 gold pieces
  2499 | D        | Bought a scroll of identify for 20 gold pieces
  2499 | D        | Bought a scroll of magic mapping for 35 gold pieces
  2561 | D        | Noticed a kobold demonologist
  2562 | D        | Noticed a kobold demonologist
  2563 | D        | Killed a kobold demonologist
  2566 | D        | Killed a kobold demonologist
  2609 | D        | Bought a scroll of remove curse for 30 gold pieces
  2651 | D        | Noticed a demonic crawler
  2651 | D        | Noticed a demonic crawler
  2651 | D        | Noticed a demonic crawler
  2651 | D        | Noticed a demonic crawler
  2953 | D        | Noticed a shining eye
  2953 | D        | Noticed a shining eye
  2953 | D        | Noticed a shining eye
  2953 | D        | Noticed a shining eye
  2953 | D        | Noticed a shining eye
  2953 | D        | Noticed a shining eye
  2954 | D        | Noticed a shining eye
  2955 | D        | Killed a shining eye
  2955 | D        | Reached skill level 10 in Throwing
  2956 | D        | Noticed a shining eye
  2960 | D        | Killed a shining eye
  2963 | D        | Killed a shining eye
  2964 | D        | Paralysed by a giant eyeball for 4 turns
  2970 | D        | Killed a shining eye
  2970 | D        | Reached skill level 19 in Stealth
  2970 | D        | Reached XP level 11. HP: 60/60 MP: 13/18
  2972 | D        | Killed a shining eye
  2973 | D        | Killed a shining eye
  2973 | D        | Gained mutation: Armour fits poorly on your strangely shaped body. [a shining eye]
  3029 | D        | Gained mutation: Your magical capacity is low (-10% MP). [a shining eye]
  3037 | D        | Gained mutation: Your magical capacity is very low (-20% MP). [a shining eye]
  3210 | D        | Killed a demonic crawler
  3487 | D        | Gained mutation: Your spells are a little easier to cast, but a little less powerful. [a shining eye]
  3498 | D        | Killed a shining eye
  3679 | D        | Gained mutation: You occasionally shout uncontrollably at your foes. [a shining eye]
  3685 | D        | Gained mutation: You are weak. (Str -2) [a shining eye]
  3689 | D        | Killed a shining eye
  3719 | D        | Found Saeffour's Antique Weapon Shoppe.
  3719 | D        | Found Tucurren's Book Shop.
  3719 | D        | Found Paumuack's Jewellery Emporium.
  3719 | D        | Found Eseprargho's Antique Armour Boutique.
  3919 | D        | Killed a slime creature
  4149 | D        | Lost mutation: Your spells are a little easier to cast, but a little less powerful. [potion of cure mutation]
  4149 | D        | Lost mutation: You are weak. (Str -2) [potion of cure mutation]
  4149 | D        | Lost mutation: You occasionally shout uncontrollably at your foes. [potion of cure mutation]
  4149 | D        | Lost mutation: Armour fits poorly on your strangely shaped body. [potion of cure mutation]
  4149 | D        | Lost mutation: Your magical capacity is very low (-20% MP). [potion of cure mutation]
  4731 | D        | Bought a +4 ring of dexterity for 324 gold pieces
  4731 | D        | Bought an uncursed amulet of clarity for 240 gold pieces
  4788 | D        | Noticed a lindwurm
  4790 | D        | Killed a lindwurm
  4804 | D        | Noticed a gargoyle
  4806 | D        | Killed a gargoyle
  4876 | D        | Noticed a hog
  4876 | D        | Noticed a hog
  4876 | D        | Noticed a hog
  4876 | D        | Noticed a hog
  4876 | D        | Noticed a hog
  4876 | D        | Noticed a hog
  4877 | D        | Noticed a hog
  4878 | D        | Killed a hog
  4878 | D        | Reached skill level 20 in Stealth
  4879 | D        | Killed a hog
  4880 | D        | Noticed a hog
  4880 | D        | Noticed a hog
  4881 | D        | Noticed a hog
  4881 | D        | Noticed a hog
  4881 | D        | Killed a hog
  4882 | D        | Killed a hog
  4883 | D        | Noticed a hog
  4884 | D        | Noticed a hog
  4901 | D        | Killed a hog
  4938 | D        | Killed a hog
  4939 | D        | Killed a hog
  4943 | D        | Killed a hog
  4949 | D        | Killed a hog
  4991 | D        | Killed a hog
  4997 | D        | Killed a hog
  5001 | D        | Killed a hog
  5008 | D        | Killed a hog
  5008 | D        | Reached skill level 15 in Short Blades
  5044 | D        | Noticed a 12-headed hydra
  5046 | D        | Killed a 12-headed hydra
  5072 | D        | Noticed a daeva
  5075 | D        | Noticed an unseen horror
  5075 | D        | Noticed an unseen horror
  5075 | D        | Noticed an unseen horror
  5076 | D        | Noticed an unseen horror
  5078 | D        | Killed an unseen horror
  5079 | D        | Noticed an unseen horror
  5080 | D        | Killed an unseen horror
  5081 | D        | Killed an unseen horror
  5081 | D        | Reached skill level 21 in Stealth
  5083 | D        | Killed an unseen horror
  5085 | D        | Killed an unseen horror
  5085 | D        | Reached XP level 12. HP: 63/66 MP: 18/18
  5092 | D        | Noticed a fire giant
  5093 | D        | Noticed a fire giant
  5093 | D        | Noticed a fire giant
  5093 | D        | Noticed a fire giant
  5094 | D        | Killed a fire giant
  5096 | D        | Killed a fire giant
  5096 | D        | Reached skill level 10 in Invocations
  5098 | D        | Killed a fire giant
  5098 | D        | Reached skill level 22 in Stealth
  5100 | D        | Killed a fire giant
  5124 | D        | Noticed Tiamat
  5245 | D        | Noticed Norris
  5245 | D        | Noticed a lorocyproca
  5251 | D        | Killed a lorocyproca
  6061 | D        | Bought the amulet "Nouvuup" {rMut rPois rC++ Str-3 Int+3} for 961 gold pieces
  6243 | D        | Bought the ring "Vattawur" {rN+ Int+3 Stlth+} for 356 gold pieces
  6244 | D        | Bought an uncursed ring of fire for 300 gold pieces
  6367 | D        | Noticed a shadow dragon
  6367 | D        | Noticed a golden dragon
  7316 | D        | Noticed a siren
  7317 | D        | Noticed a hellwing
  7317 | D        | Noticed a deep elf annihilator
  7317 | D        | Noticed a mummy priest
  7317 | D        | Noticed a siren
  7317 | D        | Noticed a wasp
  7317 | D        | Noticed a wasp
  7317 | D        | Noticed a wasp
  7317 | D        | Noticed a wasp
  7318 | D        | Killed a siren
  7345 | D        | Killed a siren
  7350 | D        | Killed a wasp
  7361 | D        | Killed a hellwing
  7414 | D        | Killed a wasp
  7708 | D        | Killed a deep elf annihilator
  7714 | D        | Killed a wasp
  7715 | D        | Killed a wasp
  7719 | D        | Noticed an oklob plant
  7730 | D        | Noticed Lom Lobon
  7761 | D        | Got a steaming cloak
  7772 | D        | Identified the cursed +0 cloak of Cheibriados's Fury {+Blink rN+ Dex+6} (You found it in the Dungeon)
  7773 | D        | Noticed a deep elf master archer
  7821 | D        | Killed a deep elf master archer
  7821 | D        | Reached skill level 10 in Fighting
  7826 | D        | Noticed the 27-headed Lernaean hydra
  7845 | D        | Killed the 27-headed Lernaean hydra
  7845 | D        | Reached skill level 23 in Stealth
  7845 | D        | Reached XP level 13. HP: 70/72 MP: 13/20
  8191 | D        | Killed by an exploding ball lightning

Vault maps used:
D:        dungeon_sprint_1

Action                   |  1- 3 |  4- 6 |  7- 9 | 10-12 | 13-15 || total
-------------------------+-------+-------+-------+-------+-------++-------
Melee: Dagger            |     1 |    26 |   147 |   581 |       ||   755
       Short sword       |       |       |       |       |     2 ||     2
 Fire: Blowgun           |     5 |     8 |    10 |    23 |     3 ||    49
       Shortbow          |       |       |     1 |       |       ||     1
Throw: Throwing net      |       |       |       |     1 |       ||     1
Invok: Shadow Step       |       |       |       |    13 |       ||    13
       Shadow Form       |       |       |       |     3 |       ||     3
Evoke: Wand              |       |       |       |     4 |     1 ||     5
  Use: Scroll            |       |     3 |       |     9 |     1 ||    13
       Potion            |       |       |     1 |     8 |       ||     9
 Stab: Sleeping          |     1 |     3 |     3 |    45 |     1 ||    53
       Distracted        |       |       |       |     3 |       ||     3
       Held in net/web   |       |       |       |     1 |       ||     1
  Eat: Bread ration      |       |       |       |     1 |       ||     1
       Pizza             |       |       |       |     1 |       ||     1
